 Dungeon Crawl Stone Soup version 0.27-a0-1140-g099f9bb0e8 (webtiles) character file.

Game seed: 18273513909232931747

468 Morbidden the Conjurer (level 6, -2/50 HPs)
             Began as a Draconian Conjurer on May 10, 2021.
             Was a Follower of Qazlal.
             Slain by Pikel
             ... wielding a +2 whip of freezing
              (4 damage)
             ... on level 5 of the Dungeon.
             The game lasted 00:06:07 (6350 turns).

Morbidden the Conjurer (Draconian Conjurer)         Turns: 6350, Time: 00:06:08

Health: -2/50      AC:  9    Str:  9    XL:     6   Next: 81%
Magic:  8/11       EV: 16    Int: 21    God:    Qazlal [*.....]
Gold:   205        SH:  1    Dex:  9    Spells: 6/12 levels left

rFire    . . .     SeeInvis .   b - +8 mithril axe "Arga" {speed, Will+}
rCold    . . .     Faith    .   (no shield)
rNeg     . . .     Spirit   .   (armour unavailable)
rPois    .         Reflect  .   (helmet restricted)
rElec    .         Harm     .   k - +0 cloak
rCorr    .         Rampage  .   (no gloves)
Will     +....                  p - +1 pair of boots
Stlth    ++........             (no amulet)
HPRegen  0.16/turn              h - +4 ring of evasion
MPRegen  0.12/turn              (no ring)

@: slowed, very slow
A: AC +6, unfitting armour, cold-blooded
a: Renounce Religion


You were on level 5 of the Dungeon.
You worshipped Qazlal.
Qazlal was aware of your devotion.
You visited 1 branch of the dungeon, and saw 5 of its levels.

You collected 205 gold pieces.

Inventory:

Hand Weapons
 b - the +8 mithril axe "Arga" (weapon) {speed, Will+}
   (You found it on level 4 of the Dungeon)

   Attacks with this weapon are significantly faster.
   It increases your willpower.
Missiles
 o - 5 silver boomerangs
Armour
 k - a +0 cloak (worn)
 p - a +1 pair of boots (worn)
Magical Staves
 a - a staff of conjuration
 q - a staff of death
Jewellery
 h - a +4 ring of evasion (left hand)
Scrolls
 d - 4 scrolls of teleportation {unknown}
 e - a scroll of noise {unknown}
 g - 2 scrolls of identify {unknown}
 l - a scroll of enchant weapon {unknown}
 n - 2 scrolls of blinking {unknown}
Potions
 c - a potion of brilliance {unknown}
 f - 4 potions of curing {unknown}
 i - a potion of heal wounds {unknown}
 j - 2 potions of haste {unknown}
 m - a potion of magic {unknown}


   Skills:
 * Level 2.6 Fighting
 + Level 0.1 Axes
 + Level 0.1 Staves
 + Level 2.0 Dodging
 + Level 2.5 Stealth
 + Level 1.0 Unarmed Combat
 * Level 3.6 Spellcasting
 * Level 5.8 Conjurations
 * Level 1.2 Necromancy
 * Level 1.9 Invocations


You had 6 spell levels left.
You knew the following spells:

 Your Spells              Type           Power      Damage    Failure   Level
a - Magic Dart            Conj           100%       1d8       1%          1
b - Searing Ray           Conj           56%        3d5       1%          2
c - Vampiric Draining     Necr           4%         2d6       22%         3

Your spell library contained the following spells:

 Spells                   Type           Power      Damage    Failure   Level
 Animate Skeleton         Necr           16%        N/A       8%          1
 Pain                     Necr           32%        1d5       8%          1
 Dazzling Flash           Conj/Hex       32%        N/A       12%         3
 Fulminant Prism          Conj/Hex       8%         3d7       36%         4
 Iskenderun's Mystic Bla  Conj/Tloc      16%        2d5       36%         4
 Animate Dead             Necr           4%         N/A       58%         4
 Agony                    Necr           8%         N/A       91%         5


Dungeon Overview and Level Annotations

Branches:
Dungeon (5/15)
 Temple: D:4-7

Altars:
Okawaru
Qazlal

Annotations:
D:4 3 runed translucent doors, DasRunzen's ghost, novice DsGl
D:5 Pikel


Innate Abilities, Weirdness & Mutations

Your plain brown scales are hard. (AC +6)
You cannot fit into any form of body armour.
You are cold-blooded and may be slowed by cold attacks.


Message History

The lemure hits you but does no damage. The lemure hits you.
You are too injured to fight recklessly!
Unknown command.
You are too injured to fight recklessly!
Unknown command.
You are too injured to fight recklessly!
You barely miss Pikel.
Pikel is heavily wounded.
You closely miss the lemure. You hit the lemure.
Pikel hits you with a +2 whip of freezing.
You feel as though you will be slow longer.
Pikel freezes you.
The lemure misses you. x2; Pikel zaps a wand.
The puff of flame misses you. The lemure hits you but does no damage.
The lemure hits you!
* * * LOW HITPOINT WARNING * * *
Pikel zaps a wand.
The puff of flame hits you!
* * * LOW HITPOINT WARNING * * *
The lemure closely misses you.
You feel yourself speed up.
Unknown command.
Casting: Magic Dart (safe; 1% risk of failure)
Confirm with . or Enter, or press ? or * to list all spells.
Aiming: Searing Ray (safe; 1% risk of failure)
Press: ? - help, Shift-Dir - straight line, f - lemure
Aim: a lemure (severely wounded, 74% to hit)
The searing ray hits the lemure.
The lemure is severely wounded. (Press . to maintain the ray.) Pikel hits you with a +2 whip of freezing.
* * * LOW HITPOINT WARNING * * *
You feel yourself slow down. Pikel freezes you.
* * * LOW HITPOINT WARNING * * *
The searing ray hits Pikel!
Pikel is severely wounded.
The searing ray hits the lemure.
The lemure is severely wounded.
The searing ray hits the lemure.
The lemure is lightly wounded.
Pikel hits you with a +2 whip of freezing.
You die...

###############
#...55K@......#
.........5#######.#
#####.###.# ##.##
#.
#.######...###### .
#..........[....#
##
########...#†...#
#######...#.##.#
...........#.#.#
#######...#.##.###


You could see Pikel and 3 lemures.

Vanquished Creatures
  A phantom (D:4)
  A lemure (D:5)
  A water moccasin zombie (D:5)
  3 hounds
  2 iguanas
  An orc wizard (D:4)
  5 adders
  An ufetubus (D:3)
  3 worms
  3 dart slugs
  12 orcs
  2 ball pythons
  5 bats
  8 endoplasms
  2 giant cockroaches
  6 goblins
  10 hobgoblins
  11 jackals
  3 quokkas
  3 frilled lizards
  7 kobolds
  5 rats
95 creatures vanquished.

Vanquished Creatures (others)
  A fungus (D:4)
  2 plants (D:4)
3 creatures vanquished.

Grand Total: 98 creatures vanquished

Notes
Turn   | Place    | Note
-------+----------+-------------------------------------------
     0 | D:1      | Morbidden the Draconian Conjurer began the quest for the
                  | Orb.
     0 | D:1      | Reached XP level 1. HP: 14/14 MP: 3/3
   346 | D:1      | Reached XP level 2. HP: 20/20 MP: 3/5
   553 | D:1      | Learned a level 2 spell: Searing Ray
  1336 | D:1      | Reached XP level 3. HP: 27/27 MP: 2/6
  1782 | D:2      | Found a faded altar of an unknown god.
  2259 | D:2      | Learned a level 3 spell: Vampiric Draining
  2759 | D:2      | Found a stormy altar of Qazlal.
  2788 | D:2      | Became a worshipper of Qazlal Stormbringer
  3274 | D:3      | Reached skill level 1 in Fighting
  3274 | D:3      | Reached XP level 4. HP: 35/35 MP: 2/7
  4008 | D:3      | Found a stormy altar of Qazlal.
  4492 | D:3      | Reached skill level 5 in Conjurations
  4492 | D:3      | Reached XP level 5. HP: 40/40 MP: 4/9
  5024 | D:3      | Reached skill level 1 in Unarmed Combat
  5650 | D:4      | Reached skill level 1 in Invocations
  5738 | D:4      | Reached * piety under Qazlal
  5758 | D:4      | Reached XP level 6. HP: 46/48 MP: 1/10
  6046 | D:4      | Found an iron altar of Okawaru.
  6048 | D:4      | Found the +8 mithril axe "Arga" {speed, Will+}
  6180 | D:4      | Found a runed translucent gate.
  6181 | D:4      | Found a runed translucent gate.
  6182 | D:4      | Found a runed translucent gate.
  6182 | D:4      | Noticed DasRunzen's ghost (novice DsGl)
  6215 | D:5      | Entered Level 5 of the Dungeon
  6227 | D:5      | Reached skill level 1 in Necromancy
  6331 | D:5      | Noticed Pikel
  6349 | D:5      | HP: 2/50 [Pikel/+2 whip of freezing (2)]
  6350 | D:5      | Slain by Pikel

Illustrated notes

Levels and vault maps discovered:
D:1:      dpeg_arrival_rooms_c, layout_basic
D:2:      layout_basic, basic_altar, basic_ecumenical_altar, minmay_3d_cube
D:3:      wad_crossroads, layout_basic, general_overflow_altar, st_stairs_5
D:4:      layout_rooms, okawaru_ov_weapons_minmay, gammafunk_ghost_nasty_kobolds
D:5:      layout_loops_ring, minmay_stone_trees_small,
          chequers_serial_rivers_large_b, uniq_pikel

Skill      XL: |  1  2  3  4  5  6 |
---------------+-------------------+-----
Stealth        | 2 |  2.5
Fighting       | 1 2 |  2.6
Spellcasting   | 3 |  3.6
Conjurations   | 5 |  5.8
Unarmed Combat | 1 |  1.0
Dodging        | 2 |  2.0
Invocations    | 1 |  1.9
Necromancy     | 1 |  1.2
Axes           | |  0.1
Staves         | |  0.1

Action                   |  1- 3 |  4- 6 || total
-------------------------+-------+-------++-------
Melee: Unarmed           |    87 |       ||    87
       Tailslap          |     6 |     3 ||     9
       Punch             |     1 |       ||     1
       Staff             |       |    15 ||    15
       Broad axe         |       |    24 ||    24
 Cast: Magic Dart        |    91 |    75 ||   166
       Searing Ray       |     5 |    14 ||    19
Armor: Skin              |    22 |    18 ||    40
Dodge: Dodged            |    64 |    77 ||   141
Block: Other             |       |     2 ||     2

Table legend: (Time is in decaauts)
 A = Elapsed time spent in this place.
 B = Non-inter-level travel time spent in this place.
 C = Inter-level travel time spent in this place.
 D = Time resting spent in this place.
 E = Time spent auto-exploring this place.
 F = Levels seen in this place.
 G = Mean time per level.
                   A        B        C        D        E       F      G
               +--------+--------+--------+--------+--------+-----+--------+
         Total |   6363 |   6236 |    127 |   1219 |   4314 |   5 | 1272.6 |
       Dungeon |   6363 |   6236 |    127 |   1219 |   4314 |   5 | 1272.6 |
               +--------+--------+--------+--------+--------+-----+--------+

Top non-repeatable levels by time:
     D:2: 2039 daAuts
     D:3: 1831 daAuts
     D:1: 1647 daAuts
     D:4: 705 daAuts
     D:5: 139 daAuts
